 Dungeon Crawl Stone Soup version 0.27-a0-1090-gb115f176c6 (webtiles) character file.

Game seed: 3497025066582535104

39 voltaire321 the Chopper (level 3, -2/28 HPs)
             Began as a Human Gladiator on Apr 28, 2021.
             Slain by an adder (4 damage)
             ... on level 2 of the Dungeon.
             The game lasted 00:03:20 (959 turns).

voltaire321 the Chopper (Human Gladiator)            Turns: 959, Time: 00:03:20

Health: -2/28      AC:  4    Str: 14    XL:     3   Next: 67%
Magic:  3/3        EV: 12    Int:  8    God:
Gold:   41         SH:  0    Dex: 15    Spells: 2/2 levels left

rFire    . . .     SeeInvis .   a - +0 war axe
rCold    . . .     Faith    .   (no shield)
rNeg     . . .     Spirit   .   b - +0 leather armour
rPois    .         Reflect  .   c - +0 helmet
rElec    .         Harm     .   (no cloak)
rCorr    .         Rampage  .   (no gloves)
Will     .....                  (no boots)
Stlth    +.........             (no amulet)
HPRegen  0.09/turn              (no ring)
MPRegen  0.08/turn              (no ring)

@: lethally poisoned (-2 -> -7)
A: no striking features
a: no special abilities


You were on level 2 of the Dungeon.
You visited 1 branch of the dungeon, and saw 2 of its levels.

You collected 41 gold pieces.

Inventory:

Hand Weapons
 a - a +0 war axe (weapon)
 j - a +0 dagger
Missiles
 d - 3 throwing nets (quivered)
Armour
 b - a +0 leather armour (worn)
 c - a +0 helmet (worn)
Scrolls
 f - a scroll of vulnerability {unknown}
 h - a scroll of immolation {unknown}
 i - a scroll of enchant armour {unknown}
 k - a scroll of identify {unknown}
Potions
 e - a potion of might {unknown}
 g - a potion of haste {unknown}


   Skills:
 + Level 2.3 Fighting
 + Level 3.6 Axes
 + Level 2.1 Throwing
 + Level 0.3 Armour
 + Level 3.4 Dodging


You had 2 spell levels left.
You didn't know any spells.
Your spell library was empty.

Dungeon Overview and Level Annotations

Branches:
Dungeon (2/15)

Altars:


Message History

You see here a +0 dagger.
An adder comes into view.
The adder hisses angrily.
You barely miss the adder. The adder bites you.
You barely miss the adder. The adder closely misses you. The adder bites you.
You completely miss the adder. The adder closely misses you.
The adder bites you.
You miss the adder. The adder bites you but does no damage.
You barely miss the adder. The adder bites you but does no damage.
The adder bites you.
You closely miss the adder. The adder bites you. x2
You are poisoned.
The adder poisons you!
You hit the adder.
The adder is severely wounded.
You feel sick. The adder barely misses you. x2
You miss the adder.
The adder is severely wounded.
You feel sick. The adder barely misses you.
You miss the adder.
The adder is severely wounded.
You feel sick. The adder misses you. The adder closely misses you.
You closely miss the adder.
The adder is severely wounded.
You feel sick.
You are no longer poisoned.
The adder bites you but does no damage. The adder bites you.
You are poisoned.
The adder poisons you!
You hit the adder but do no damage.
The adder is severely wounded.
You feel sick. The adder bites you.
* * * LOW HITPOINT WARNING * * *
You are lethally poisoned!
The adder poisons you!
You closely miss the adder.
The adder is severely wounded.
* * * LOW HITPOINT WARNING * * *
You feel sick. The adder bites you.
You die...

##......#### #.......#
#.##.##.#
###########.##.##.#
#.......#......##.#
#.......#.#)##.##.####
###.......#.#...........
.......!....####........
#....S@..### #.##.....
#........# #.######.
#........# ..# #.
#.######## #### #. # #.
#. #. ..


You could see an adder.

Vanquished Creatures
  A dart slug (D:1)
  A bat (D:1)
  4 endoplasms (D:1)
  4 giant cockroaches
  5 goblins
  3 hobgoblins
  7 jackals
  A ball python (D:2)
  A frilled lizard (D:2)
  A kobold (D:1)
  3 rats (D:1)
31 creatures vanquished.

Notes
Turn   | Place    | Note
-------+----------+-------------------------------------------
     0 | D:1      | voltaire321 the Human Gladiator began the quest for the
                  | Orb.
     0 | D:1      | Reached XP level 1. HP: 16/16 MP: 1/1
    21 | D:1      | You fall into a shaft and drop 1 floor!
    21 | D:2      | Noticed an ogre
    77 | D:1      | Reached XP level 2. HP: 11/22 MP: 2/2
   258 | D:1      | Found a faded altar of an unknown god.
   417 | D:1      | Reached XP level 3. HP: 22/27 MP: 3/3
   959 | D:2      | Slain by an adder

Illustrated notes

Levels and vault maps discovered:
D:1:      lemuel_arrival_tunnels, layout_rooms,
          hellmonk_ecumenical_altar_pennies_from_heaven
D:2:      layout_loops_cross, chequers_avenue

Action                   || total
-------------------------++-------
Melee: War axe           ||    86
Armor: Leather armour    ||    34
Dodge: Dodged            ||    62

Table legend: (Time is in decaauts)
 A = Elapsed time spent in this place.
 B = Non-inter-level travel time spent in this place.
 C = Inter-level travel time spent in this place.
 D = Time resting spent in this place.
 E = Time spent auto-exploring this place.
 F = Levels seen in this place.
 G = Mean time per level.
                   A        B        C        D        E       F      G
               +--------+--------+--------+--------+--------+-----+--------+
         Total |    992 |    940 |     52 |      0 |    663 |   2 |  496.0 |
       Dungeon |    992 |    940 |     52 |      0 |    663 |   2 |  496.0 |
               +--------+--------+--------+--------+--------+-----+--------+

Top non-repeatable levels by time:
     D:1: 760 daAuts
     D:2: 231 daAuts
